 Dungeon Crawl Stone Soup version 0.20.1-1-g8b1a95d (webtiles) character file.

414 Blomdor the Chopper (level 6, -18/47 HPs)
             Began as a Barachi Venom Mage on Sept 24, 2017.
             Demolished by an ogre
             ... wielding a +0 giant club
              (25 damage)
             ... on level 4 of the Dungeon.
             The game lasted 00:08:11 (3373 turns).

Blomdor the Chopper (Barachi Venom Mage)            Turns: 3373, Time: 00:08:12

Health: -18/47     AC:  9    Str: 11 (12) XL:     6   Next: 91%
Magic:  9/9        EV: 11    Int: 13      God:
Gold:   73         SH:  0    Dex: 12      Spells: 8/9 levels left

rFire    . . .     SeeInvis .   s - +0 broad axe
rCold    . . .     Gourm    .   (no shield)
rNeg     . . .     Faith    .   q - +0 swamp dragon scales
rPois    +         Spirit   .   k - +0 helmet
rElec    .         Reflect  .   d - +0 cloak
rCorr    .         Harm     .   (no gloves)
MR       .....     Clarity  +   (no boots)
Stlth    +.........             (no amulet)
Regen    0.2/turn               (no ring)
MPRegen  0.2/turn               (no ring)

@: can't hop, slow
A: +LOS, swims, clarity, deterioration 1, dopey 1, slowness 1, strong legs 1
a: Hop


You were on level 4 of the Dungeon.
You were not hungry.

You visited 1 branch of the dungeon, and saw 4 of its levels.

You collected 109 gold pieces.
You spent 36 gold pieces at shops.

Inventory:

Hand Weapons
 m - a +0 hand axe
 o - a +0 rapier
 s - a +0 broad axe (weapon)
Armour
 d - a +0 cloak (worn)
 h - a +0 buckler
 k - a +0 helmet (worn)
 q - +0 swamp dragon scales (worn)
 t - a +0 plate armour
Scrolls
 e - a scroll of identify
 g - 2 scrolls of teleportation
 j - a scroll of amnesia
 n - a scroll of enchant armour
 p - a scroll of blinking
Potions
 i - a potion of haste
Books
 b - a Young Poisoner's Handbook

   Spells                             Type                      Level
   a - Sting                          Conjuration/Poison           1
   b - Poisonous Vapours              Poison/Air                   2
   c - Mephitic Cloud                 Conjuration/Poison/Air       3
   d - Olgreb's Toxic Radiance        Poison                       4
   e - Venom Bolt                     Conjuration/Poison           5
Comestibles
 a - a royal jelly
 c - a bread ration
 f - 2 meat rations
 l - 3 chunks of flesh


   Skills:
 - Level 3.2 Fighting
 * Level 6.5 Axes
 - Level 0.2 Armour
 - Level 2.1 Dodging
 - Level 1.7 Stealth
 - Level 0.4 Shields
 - Level 2.1 Spellcasting
 - Level 1.1 Conjurations
 - Level 3.2 Poison Magic


You had 8 spell levels left.
You knew the following spells:

 Your Spells              Type           Power        Failure   Level  Hunger
a - Sting                 Conj/Pois      #...         24%         1    ##.....


Dungeon Overview and Level Annotations

Branches:
Dungeon (4/15)             Temple (0/1) D:4

Altars:
Dithmenos

Shops:
D:4 ?

Annotations:
D:3 Gorgoleon's ghost, weakling DEWz
D:4 Alphaeus's ghost, amateur FoFi


Innate Abilities, Weirdness & Mutations

Shadows flee at your approach. (+LOS)
You can swim through water.
You cover ground slowly.
You can hop short distances.
You possess an exceptional clarity of mind.
Your body sometimes deteriorates upon taking damage.
You are dopey. (Int -2)


Message History

Unknown command.
You closely miss the ogre.
The ogre is almost dead.
The ogre barely misses you.
You barely miss the ogre.
The ogre is almost dead.
The ogre barely misses you.
You closely miss the ogre.
The ogre is almost dead.
The ogre hits you with a giant club!
* * * LOW HITPOINT WARNING * * *
The worker ant bites you but does no damage.
Unknown command.
You barely miss the ogre.
The ogre is almost dead.
You closely miss the worker ant.
The worker ant bites you but does no damage.
The ogre hits you with a giant club!!
Ouch! That really hurt!
You die...

#############$#
#.# #....
######'#####.#
####.
#..........#.#
##
##..........#.#
##...........#.#
#............#.#
#.P..P.......#
#.P>P....O...#
#.P.P...$@a..#
#.....#####'##
###### ... ...
$.# ... .. .#
.## '


You could see an ogre and a worker ant.

Vanquished Creatures
  Menkaure (D:4)
  A scorpion (D:4)
  A hound (D:4)
  2 orc wizards
  3 worker ants (D:4)
  An adder (D:2)
  An ooze (D:1)
  A worm (D:2)
  2 dart slugs
  A leopard gecko (D:2)
  5 orcs
  4 bats
  3 giant cockroaches
  6 goblins
  15 hobgoblins
  3 jackals (D:4)
  6 frilled lizards
  7 kobolds
  A rat (D:4)
64 creatures vanquished.

Notes
Turn   | Place    | Note
-------+----------+-------------------------------------------
     0 | D:1      | Blomdor the Barachi Venom Mage began the quest for the Orb.
     0 | D:1      | Reached XP level 1. HP: 13/13 MP: 3/3
   236 | D:1      | Reached skill level 1 in Fighting
   292 | D:1      | Reached XP level 2. HP: 21/22 MP: 0/5
   843 | D:1      | Reached XP level 3. HP: 23/29 MP: 6/6
  1590 | D:2      | Found a shadowy altar of Dithmenos.
  1735 | D:2      | Reached skill level 1 in Axes
  1968 | D:3      | Reached XP level 4. HP: 29/35 MP: 7/7
  2070 | D:3      | Reached skill level 2 in Axes
  2118 | D:3      | Noticed Gorgoleon's ghost (weakling DEWz)
  2163 | D:3      | Found a faded altar of an unknown god.
  2207 | D:2      | Reached skill level 3 in Axes
  2492 | D:4      | Noticed Menkaure
  2493 | D:4      | Gained mutation: You are dopey. (Int -2) [potion of mutation]
  2493 | D:4      | Gained mutation: Your body sometimes deteriorates upon taking damage. [potion of mutation]
  2493 | D:4      | Gained mutation: You possess an exceptional clarity of mind. [potion of mutation]
  2510 | D:4      | Killed Menkaure
  2510 | D:4      | Reached skill level 5 in Axes
  2510 | D:4      | Reached XP level 5. HP: 9/41 MP: 8/8
  2811 | D:4      | Reached XP level 6. HP: 47/47 MP: 4/9
  2923 | D:4      | Reached skill level 6 in Axes
  3021 | D:4      | Noticed Alphaeus's ghost (amateur FoFi)
  3021 | D:4      | Found a staircase to the Ecumenical Temple.
  3021 | D:4      | Found Haromov's Magic Scroll Shop.
  3359 | D:4      | Bought a scroll of remove curse for 36 gold pieces
  3373 | D:4      | Demolished by an ogre

Skill      XL: |  1  2  3  4  5  6 |
---------------+-------------------+-----
Fighting       | 2 3 |  3.2
Axes           | 1 5 6 |  6.5
Armour         | |  0.2
Dodging        | |  2.1
Stealth        | |  1.7
Shields        | |  0.4
Spellcasting   | |  2.1
Conjurations   | |  1.1
Poison Magic   | |  3.2

Action                   |  1- 3 |  4- 6 || total
-------------------------+-------+-------++-------
Melee: Unarmed           |    24 |       ||    24
       Short sword       |    85 |       ||    85
       Rapier            |    30 |   117 ||   147
       Broad axe         |       |    13 ||    13
 Cast: Sting             |    21 |    10 ||    31
 Abil: Hop               |       |     2 ||     2
  Use: Scroll            |     7 |     4 ||    11
       Potion            |       |     5 ||     5
 Stab: Sleeping          |     1 |       ||     1
  Eat: Chunk             |     5 |     5 ||    10
Armor: Robe              |     5 |       ||     5
       Ring mail         |    35 |    36 ||    71
       Skin              |       |     6 ||     6
       Swamp dragon scal |       |    31 ||    31
Dodge: Dodged            |    79 |   108 ||   187
Block: Buckler           |    19 |    11 ||    30
